 Dungeon Crawl Stone Soup version 0.30-a0-723-gc1506a1cf0 (webtiles) character file.

Game seed: 5502127139471003181

96350 browni3141 the Brawler (level 15, -8/167 HPs)
             Began as a Troll Berserker on Jan 28, 2023.
             Was a High Priest of Trog.
             Killed from afar by a deep elf zephyrmancer (27 damage)
             ... with a bolt of lightning
             ... on level 15 of the Dungeon.
             The game lasted 00:35:37 (19430 turns).

browni3141 the Brawler (Troll Berserker)           Turns: 19430, Time: 00:35:37

Health: -8/167     AC:  8    Str: 41    XL:     15   Next: 69%
Magic:  14/14      EV: 14    Int:  3    God:    Trog [*****.]
Gold:   2185       SH: 13    Dex: 15    Spells: 14/14 levels left

rFire   . . .      SeeInvis .      - Unarmed
rCold   + . .      Faith    .    v - +0 kite shield
rNeg    . . .      Spirit   .    O - +1 robe {rC+}
rPois   +          Reflect  .    (helmet restricted)
rElec   .          Harm     .    z - +2 cloak {rPois}
rCorr   .          Rampage  .    (gloves unavailable)
Will    +....                    (boots unavailable)
Stlth   ++                       g - amulet of regeneration
HPRegen 2.07/turn                I - +6 ring of strength
MPRegen 0.14/turn                V - +6 ring of dexterity

@: slowed, very slow
A: large, unfitting armour, claws 3, regeneration 1, shaggy fur 1, tough skin 1,
robust 1
a: Renounce Religion, Berserk, Trog's Hand, Brothers in Arms


You were on level 15 of the Dungeon.
You worshipped Trog.
Trog was extremely pleased with you.
You visited 3 branches of the dungeon, and saw 22 of its levels.
You also visited: Bailey and Ice Cave.

You collected 2185 gold pieces.

Inventory:

Missiles
 h - 37 poisoned darts
 k - 14 boomerangs (quivered)
 l - a curare-tipped dart
 s - 18 large rocks
 w - 3 boomerangs of dispersal
 A - 9 silver javelins
 B - 5 javelins
 U - 5 silver boomerangs
Armour
 a - a +0 animal skin
 v - a +0 kite shield (worn)
 z - a +2 cloak of poison resistance (worn)
 L - a scarf of repulsion
 M - a +0 troll leather armour
 N - a +2 robe of willpower
 O - a +1 robe of cold resistance (worn)
 P - a +1 robe of fire resistance
Jewellery
 g - an amulet of regeneration (around neck)
 j - a +5 ring of evasion
 p - a ring of fire
 r - an amulet of faith
 t - an amulet of magic regeneration
 E - a ring of protection from cold
 G - a ring of ice
 I - a +6 ring of strength (left claw)
 V - a +6 ring of dexterity (right claw)
Wands
 x - a wand of polymorph (2)
 y - a wand of mindburst (16)
 C - a wand of roots (5)
 Q - a wand of paralysis (9)
 T - a wand of acid (9)
Potions
 b - 6 potions of heal wounds
 c - 2 potions of haste {unknown}
 d - 2 potions of curing
 e - 4 potions of ambrosia
 f - 2 potions of resistance
 i - 4 potions of attraction
 m - 3 potions of flight
 n - a potion of might {unknown}
 o - 2 potions of lignification
 q - 4 potions of mutation
 u - 2 potions of degeneration {unknown}
 D - a potion of magic {unknown}
 F - 2 potions of cancellation
 H - a potion of brilliance {unknown}
 R - a potion of invisibility {unknown}
Miscellaneous
 J - a box of beasts (inert)
 K - a piece from Xom's chessboard (15/15)
 S - a piece from Xom's chessboard (15/15)


   Skills:
 + Level 10.5 Fighting
 - Level 5.0 Throwing
 * Level 4.9 Armour
 - Level 10.0 Dodging
 - Level 1.0 Stealth
 + Level 13.4 Shields
 * Level 16.9 Unarmed Combat


You had 14 spell levels left.
You didn't know any spells.
Your spell library was empty.

Dungeon Overview and Level Annotations

Branches:
Dungeon (15/15)            Temple (0/1) D:6            Lair (5/5) D:10
  Swamp (0/4) Lair:2       Spider (0/4) Lair:3        Slime (0/5) Lair:4
    Orc (2/2) D:10            Elf (0/3) Orc:2        Vaults (0/5) D:13
 Bailey (visited)           IceCv (visited)
 Depths: D:15

Altars:
Ashenzari
Elyvilon
Gozag
Hepliaklqana
Makhleb
Qazlal
Sif Muna
Zin
Lugonu

Shops:
D:3 *   D:7 (   D:12 (   Orc:2 ??=(

Portals:
Abyss: Lair:5
Pandemonium: Orc:2


Innate Abilities, Weirdness & Mutations

You are too large for most types of armour.
You have claws for hands.
Your natural rate of healing is unusually fast.
You are covered in fur. (AC +1)
You have tough skin. (AC +1)
You are robust. (+10% HP)


Message History

The deep elf pyromancer blinks!
You block the fire elemental's attack. The fire elemental misses you.
The deep elf archer shoots an arrow.
The arrow hits you!
* * * LOW HITPOINT WARNING * * *
The fire elemental hits you. The fire elemental burns you!
* * * LOW HITPOINT WARNING * * *
Unknown command.
Aiming: Corrosive Bolt
Press: ? - help, Shift-Dir - straight line, f - deep elf pyromancer, p - deep elf archer
Aim: a deep elf pyromancer, wielding a +0 long sword and wearing a +0 leather armour (60% to hit)
The bolt of acid misses the deep elf pyromancer.
Your two-headed ogre hits the deep elf pyromancer with a +0 dire flail!!
Your two-headed ogre barely misses the deep elf pyromancer.
You block the fire elemental's attack.
The deep elf archer shoots an arrow.
The arrow closely misses you.
The arrow barely misses the fire elemental.
You block the fire elemental's attack. The fire elemental hits you.
The fire elemental burns you!
* * * LOW HITPOINT WARNING * * *
Your two-headed ogre hits the deep elf pyromancer with a +0 dire flail!!!
The deep elf pyromancer dies!
Trog accepts your kill.
Trog appreciates your killing of a magic user.
The deep elf archer casts a spell at you.
You feel as though you will be slow longer.
The fire elemental hits you. The fire elemental burns you!
* * * LOW HITPOINT WARNING * * *
Unknown command.
Your two-headed ogre hits the deep elf zephyrmancer with a +0 dire flail!
Your two-headed ogre barely misses the deep elf zephyrmancer.
The deep elf zephyrmancer gestures wildly while chanting.
The deep elf zephyrmancer blinks!
The fire elemental hits you. The fire elemental burns you!
* * * LOW HITPOINT WARNING * * *
The deep elf archer shoots an arrow.
You block the arrow.
The deep elf zephyrmancer is engulfed in blazing flames.
The deep elf zephyrmancer gestures at you while chanting.
The bolt of lightning misses the fire elemental.
The bolt of lightning hits you!!
You die...

# .## ☼.. #. #.###☼... ##.#
###.e.°e...
#...###.°E○°°e...
#....§○E#####.○○. #...O.###
#.. . #....)○#####..#
#....eE#......##.. .
#.....E@....e.#...
##.###................ ...
#..............# ##
##.###.....e.......#
#.###.........##......<#
#............#####.....#
.....#........## #.....#
#..<..........####....##
##.............####.#..####


You could see a deep elf archer (repels missiles), a deep elf pyromancer, a deep
elf zephyrmancer (ally target), 2 fire elementals and a friendly two-headed ogre
(summoned, berserk).

Vanquished Creatures
  Rupert (Lair:3)
  An azure jelly (IceCv)
  2 quicksilver oozes (IceCv)
  Azrael (Orc:2)
  Snorg (D:10)
  8 vault guards (D:13)
  A rakshasa (D:13)
  3 hydras
  The ghost of Tausiryd the Cruncher, a journeyman DsMo of Nemelex Xobeh (Orc:1)
  A catoblepas (Lair:5)
  A centaur warrior (D:13)
  A boulder beetle (D:14)
  A two-headed ogre (D:14)
  3 demonspawn (Orc:2)
  Urug (D:10)
  3 thrashing horrors (Lair:5)
  2 orc high priests (Orc:2)
  Amaemon (D:10)
  A deep troll (D:10)
  4 skeletal warriors (D:14)
  2 lindwurms (Lair:5)
  5 orc knights
  9 orc sorcerers (Orc:2)
  2 manticores
  9 ugly things
  17 elephants
  4 cyclopes
  2 centaur zombies (D:14)
  2 rust devils (Orc:2)
  3 black mambas
  3 ice statues (IceCv)
  A gargoyle (D:13)
  2 smoke demons (Lair:5)
  13 cane toads
  An orange demon (D:10)
  10 komodo dragons
  Psyche (D:9)
  2 kobold demonologists
  A rime drake (Lair:3)
  3 ice devils
  An ancient zyme (Lair:5)
  A hellwing (Orc:2)
  3 meliai (D:12)
  5 trolls
  30 blink frogs
  A tarantella (Lair:3)
  A raiju (shapeshifter) (Lair:5)
  3 tyrant leeches (Lair:2)
  5 hornets (Lair:2)
  7 dream sheep (Lair:3)
  2 meliai zombies (D:14)
  17 slime creatures
  A jumping spider (shapeshifter) (Lair:5)
  3 ynoxinuls
  3 wyverns
  2 shadows
  2 vampires
  A spriggan (Lair:5)
  A wraith (D:6)
  A fire bat (D:6)
  A fire elemental (Orc:2)
  8 vampire mosquitoes (D:14)
  41 yaks
  3 basilisks
  A chaos spawn (Lair:5)
  A steam dragon (D:10)
  3 wargs
  A swamp worm (Lair:2)
  2 acid dragons
  14 water moccasins
  Duvessa (D:7)
  6 hell hounds (Orc:2)
  3 black bears
  30 orc warriors
  3 large abominations (Lair:5)
  A sky beast (D:7)
  4 ogres
  4 great orb of eyes simulacra (IceCv)
  2 ice beasts
  8 wolves
  9 centaurs
  A phantom (D:6)
  3 slime creature simulacra (IceCv)
  9 small abominations (Lair:5)
  2 kobold brigands
  10 bullfrogs
  A gnoll sergeant (D:9)
  2 scorpions
  4 glowing shapeshifter simulacra (IceCv)
  4 wights (D:6)
  Dowan (D:7)
  18 killer bees
  An electric eel (Lair:3)
  3 howler monkeys
  21 orc priests
  A hound (D:6)
  A jelly (D:6)
  2 gnoll boudas
  2 iguanas
  21 orc wizards
  A shapeshifter simulacrum (IceCv)
  18 gnolls
  5 adders
  4 shadow imps
  A white imp (D:5)
  3 ufetubi
  4 dart slugs
  72 orcs
  3 endoplasms
  4 giant cockroaches
  8 goblins
  7 hobgoblins
  6 quokkas
  6 ball pythons
  2 bats (D:1)
  18 kobolds
  6 rats
641 creatures vanquished.

Vanquished Creatures (collateral kills)
  Jorgrun (Orc:2)
  3 hydras
  A deep elf pyromancer (D:15)
  A cane toad (Lair:3)
  A blink frog (Lair:5)
  An orc warrior (Orc:2)
  2 wolves (Lair:3)
10 creatures vanquished.

Vanquished Creatures (others)
  8 fungi
  8 plants
  A withered plant (D:14)
17 creatures vanquished.

Grand Total: 668 creatures vanquished

Notes
Turn   | Place    | Note
-------+----------+-------------------------------------------
     0 | D:1      | browni3141 the Troll Berserker began the quest for the Orb.
     0 | D:1      | Reached XP level 1. HP: 22/22 MP: 0/0
   234 | D:1      | Reached skill level 1 in Stealth
   234 | D:1      | Reached XP level 2. HP: 29/29 MP: 1/1
   702 | D:2      | Reached XP level 3. HP: 36/36 MP: 2/2
  1282 | D:3      | Found a white marble altar of Elyvilon.
  1331 | D:3      | Found an opulent altar of Gozag.
  1339 | D:3      | Found Gozag's Platinum Reserve.
  1393 | D:3      | Reached ** piety under Trog
  1439 | D:3      | Reached XP level 4. HP: 6/44 MP: 3/3
  1939 | D:4      | Reached skill level 4 in Unarmed Combat
  1944 | D:4      | Noticed a centaur
  2151 | D:4      | Reached XP level 5. HP: 48/52 MP: 4/4
  2341 | D:4      | Killed a centaur
  2342 | D:4      | Reached skill level 1 in Throwing
  2392 | D:4      | Reached XP level 6. HP: 61/61 MP: 5/5
  2407 | D:4      | Reached skill level 5 in Unarmed Combat
  2596 | D:5      | Entered Level 5 of the Dungeon
  2596 | D:5      | Found a stormy altar of Qazlal.
  2630 | D:5      | Reached XP level 7. HP: 67/67 MP: 6/6
  2954 | D:5      | You fall into a shaft and drop 1 floor!
  2962 | D:6      | Found a transporter.
  2964 | D:6      | Noticed a fire bat
  3006 | D:6      | Noticed a wraith
  3019 | D:6      | Killed a wraith
  3020 | D:6      | Reached skill level 6 in Unarmed Combat
  3124 | D:6      | Noticed a wyvern
  3130 | D:6      | Killed a wyvern
  3131 | D:6      | Reached XP level 8. HP: 78/78 MP: 7/7
  3135 | D:6      | Reached skill level 7 in Unarmed Combat
  3188 | D:6      | Found a staircase to the Ecumenical Temple.
  3549 | D:6      | Reached *** piety under Trog
  3679 | D:6      | Found a transporter.
  4016 | D:7      | Reached skill level 8 in Unarmed Combat
  4020 | D:7      | Found Vipugako's Weapon Shoppe.
  4039 | D:7      | Reached skill level 5 in Fighting
  4039 | D:7      | Reached skill level 5 in Dodging
  4039 | D:7      | Reached XP level 9. HP: 81/88 MP: 8/8
  4255 | D:7      | Found a broken altar of Ashenzari.
  4293 | D:7      | Noticed Dowan
  4294 | D:7      | Noticed Duvessa
  4301 | D:7      | Killed Duvessa
  4304 | D:7      | Killed Dowan
  4797 | D:8      | Reached skill level 9 in Unarmed Combat
  4851 | D:8      | Found a hazy altar of Hepliaklqana.
  4892 | D:8      | Reached skill level 5 in Throwing
  5192 | D:8      | Reached XP level 10. HP: 69/98 MP: 9/9
  5351 | D:9      | Reached skill level 10 in Unarmed Combat
  5407 | D:9      | Reached skill level 1 in Shields
  5419 | D:8      | Reached **** piety under Trog
  5580 | D:9      | Noticed Psyche
  5586 | D:9      | Killed Psyche
  5587 | D:9      | Reached skill level 5 in Shields
  5963 | D:9      | Identified the +2 rapier "Roafon" {flame, rC+ Will+ rCorr
                  | Int-3}
  6194 | D:10     | Entered Level 10 of the Dungeon
  6211 | D:10     | Found a staircase to the Orcish Mines.
  6257 | D:10     | Found a staircase to the Lair.
  6329 | D:10     | Reached XP level 11. HP: 85/105 MP: 10/10
  6481 | D:10     | Noticed Snorg
  6490 | D:10     | Killed Snorg
  6546 | D:10     | Found a flagged portal.
  6553 | Bailey   | Entered a bailey
  6727 | Bailey   | Noticed an orc knight
  6755 | Bailey   | Killed an orc knight
  6881 | Bailey   | Identified the +9 plate armour "Ideadene" {Will++ Int+3
                  | Stlth+}
  6971 | D:10     | Noticed Urug
  6986 | D:10     | Killed Urug
  7059 | D:10     | Found a burning altar of Makhleb.
  7076 | D:10     | Found a glowing silver altar of Zin.
  7076 | D:10     | Noticed an angel
  7076 | D:10     | Noticed a cacodemon
  7234 | D:10     | Noticed a deep troll
  7249 | D:10     | Killed a deep troll
  7250 | D:10     | Reached skill level 10 in Shields
  7291 | D:10     | Identified the +2 spear of the Shrinking King {flame,
                  | Int+4}
  7385 | D:10     | Noticed Amaemon
  7397 | D:10     | Killed Amaemon
  7401 | D:10     | Reached ***** piety under Trog
  7547 | Lair:1   | Entered Level 1 of the Lair of Beasts
  7729 | Lair:1   | Reached skill level 11 in Unarmed Combat
  8131 | Lair:1   | Gained mutation: You are robust. (+10% HP) [potion of
                  | mutation]
  8189 | Lair:2   | Reached XP level 12. HP: 126/126 MP: 11/11
  8431 | Lair:2   | Found a staircase to the Swamp.
  8830 | Lair:2   | Reached skill level 12 in Unarmed Combat
  9344 | Lair:3   | Noticed an eight-headed hydra
  9356 | Lair:3   | Killed an eight-headed hydra
  9434 | Lair:3   | Found a hole to the Spider Nest.
  9819 | Lair:3   | Noticed Rupert
  9830 | Lair:3   | Killed Rupert
  9831 | Lair:3   | Reached XP level 13. HP: 139/139 MP: 12/12
  9949 | Lair:3   | Reached skill level 13 in Unarmed Combat
 10914 | Lair:4   | Found a staircase to the Slime Pits.
 11131 | Lair:5   | Entered Level 5 of the Lair of Beasts
 11371 | Lair:5   | Reached skill level 14 in Unarmed Combat
 11995 | Lair:5   | Reached XP level 14. HP: 150/150 MP: 13/13
 12125 | Lair:5   | Found a corrupted altar of Lugonu.
 12125 | Lair:5   | Found a one-way gate to the infinite horrors of the Abyss.
 13003 | Orc:1    | Entered Level 1 of the Orcish Mines
 13061 | Orc:1    | Found a runed translucent door.
 13062 | Orc:1    | Noticed Tausiryd's ghost (journeyman DsMo)
 13369 | Orc:1    | Killed Tausiryd's ghost
 13370 | Orc:1    | Reached skill level 15 in Unarmed Combat
 13426 | Orc:2    | Entered Level 2 of the Orcish Mines
 13481 | Orc:2    | Noticed Azrael
 13495 | Orc:2    | Killed Azrael
 13590 | Orc:2    | Found a staircase to the Elven Halls.
 13788 | Orc:2    | Noticed Jorgrun
 13802 | Orc:2    | Killed Jorgrun
 14249 | Orc:2    | Found Enolan's Magic Scroll Emporium.
 14275 | Orc:2    | Found Fyblunici's Magic Scroll Shoppe.
 14409 | Orc:2    | Received a gift from Trog
 14523 | Orc:2    | Paralysed by an orc sorcerer for 3 turns
 14833 | Orc:2    | Found Ugozett's Jewellery Boutique.
 14833 | Orc:2    | Found Bik Dineu's Antique Weapon Shop.
 14834 | Orc:2    | Found a one-way gate leading to the halls of Pandemonium.
 15925 | D:12     | Found Jovur's Weapon Shoppe.
 15934 | D:12     | Identified the +2 ring mail of Fugilysh {rN++ MP+9 Str-2}
 16159 | D:12     | Found a frozen archway.
 16181 | IceCv    | Entered an ice cave
 16240 | IceCv    | Reached skill level 1 in Armour
 16277 | IceCv    | Reached skill level 16 in Unarmed Combat
 16318 | IceCv    | Reached skill level 10 in Fighting
 16318 | IceCv    | Reached XP level 15. HP: 163/163 MP: 14/14
 16445 | IceCv    | Reached skill level 10 in Dodging
 16828 | IceCv    | Noticed an azure jelly
 16840 | IceCv    | Killed an azure jelly
 16895 | IceCv    | Found a viscous altar of Jiyva.
 17663 | D:13     | Found a gate to the Vaults.
 17725 | D:13     | Received a gift from Trog
 18538 | D:14     | Found a shimmering blue altar of Sif Muna.
 19366 | D:15     | Entered Level 15 of the Dungeon
 19430 | D:15     | Killed from afar by a deep elf zephyrmancer

Illustrated notes

Levels and vault maps discovered:
D:1:      arrival_zaba_pyramid, layout_basic,
          nicolae_concentric_dashed_squares_wild, minmay_crystal_room,
          minivault_4
D:2:      layout_loops_ring, grunt_decor_mini_mirrors
D:3:      layout_loops_ring, nicolae_gozag_zags_fifth_avenue,
          nicolae_overflow_crystal_walls
D:4:      layout_basic
D:5:      layout_cave_pools, grunt_qazlal_sundering
D:6:      gammafunk_cloud_chamber, layout_basic, minmay_temple_entry_wispy,
          nicolae_nh_ransacked_shop
D:7:      layout_basic, mainiacjoe_overflow_surrounded_room, serial_shops, shop,
          wad_floor_pattern_untrapped, interstate_on_off, hex_large,
          amcnicky_mini_pool_small, uniq_duvessa
D:8:      layout_cave_pools, mainiacjoe_overflow_24_doors,
          kennysheep_generic_room_14
D:9:      layout_roguey, uniq_psyche
D:10:     layout_gridville, grunt_temple_overflow_order_and_chaos_2,
          david_lair_shrubbed, enter_bailey_4, kennysheep_just_a_vault,
          uniq_amaemon, uniq_snorg, uniq_urug
D:11:     layout_basic
D:12:     layout_loops_corners, serial_shops, nicolae_shop_advertising_works
          [nicolae_subvault_shop_adworks], portal_ice_cave_demonic_guard,
          dreamdust_mushroom_princess
D:13:     layout_roguey, erik_vaults_2
D:14:     layout_irregular_city, serial_undead, serial_undead_c,
          serial_undead_d, serial_undead_d, serial_undead_b,
          lemuel_blue_sif_altar
D:15:     grunt_enter_depths_snipers, layout_layer_cave,
          minmay_misc_feat_hallway, serial_shops, nicolae_inconvenience_store,
          uniq_josephine
Lair:1:   layout_misc_corridors, lemuel_fruit_tree, grunt_megastairs_3
Lair:2:   layout_hall_layers, minmay_swamp_entry_worms, st_stairs_5,
          chequers_serial_rivers_large_a, dreamdust_wasp_nest,
          serial_bayou_shore_a
Lair:3:   layout_chaotic_city, spider_nest_entry_rubble, minivault_19,
          eino_small_chamber_without_monster, nicolae_lair_lil_pond,
          nicolae_quartered_pool_little, uniq_rupert
Lair:4:   layout_cave_pods, slime_entry_1
Lair:5:   hellmonk_lair_end_abyssal_woods, layout_cave_pods, grunt_megastairs_1
Orc:1:    layout_caves, gammafunk_ghost_grave, nicolae_orc_flooded_monolith
Orc:2:    pf_orc_diabolical, layout_diamond_mine, uniq_azrael, uniq_jorgrun

Skill      XL: |  1  2  3  4  5  6  7  8  9 10 11 12 13 14 15 |
---------------+----------------------------------------------+-----
Stealth        | 1 |  1.0
Unarmed Combat | 4 5 6 8 9 10 11 12 14 16 | 16.9
Dodging        | 3 4 5 6 7 9 10 | 10.0
Fighting       | 3 4 5 6 7 8 10 | 10.5
Throwing       | 1 2 3 4 5 |  5.0
Shields        | 8 10 11 12 13 | 13.4
Armour         | 1 4 |  4.9

Action                     |  1- 3 |  4- 6 |  7- 9 | 10-12 | 13-15 || total
---------------------------+-------+-------+-------+-------+-------++-------
  Melee: Unarmed           |   101 |    77 |   269 |   620 |  1122 ||  2189
         Punch             |     1 |     2 |    12 |    17 |       ||    32
  Throw: Boomerang         |       |       |    16 |    34 |   116 ||   166
         Dart              |       |       |     1 |       |     1 ||     2
         Javelin           |       |       |       |     3 |     5 ||     8
 Invoke: Berserk           |     1 |     2 |     8 |    11 |    21 ||    43
         Trog's Hand       |       |       |     1 |     2 |     9 ||    12
         Brothers in Arms  |       |       |       |     3 |     5 ||     8
  Evoke: Wand              |       |       |       |       |     7 ||     7
         Box of beasts     |       |       |       |       |     2 ||     2
    Use: Potion            |       |       |     5 |     5 |     1 ||    11
   Stab: Sleeping          |     2 |     2 |       |     2 |       ||     6
         Petrified         |       |       |       |       |     3 ||     3
         Distracted        |       |       |       |       |     1 ||     1
         Petrifying        |       |       |       |       |     1 ||     1
 Armour: Animal skin       |    20 |    24 |    60 |    84 |   107 ||   295
         Troll leather arm |       |       |       |       |    36 ||    36
         Robe              |       |       |       |       |    64 ||    64
  Dodge: Dodged            |    49 |    28 |   135 |   371 |   424 ||  1007
  Block: Kite shield       |       |       |       |   188 |   501 ||   689

Table legend: (Time is in decaauts)
 A = Elapsed time spent in this place.
 B = Non-inter-level travel time spent in this place.
 C = Inter-level travel time spent in this place.
 D = Time resting spent in this place.
 E = Time spent auto-exploring this place.
 F = Levels seen in this place.
 G = Mean time per level.
                   A        B        C        D        E       F      G
               +--------+--------+--------+--------+--------+-----+--------+
         Total |  19464 |  18268 |   1196 |   2133 |  11354 |  24 |  811.0 |
       Dungeon |  10793 |  10087 |    706 |   1042 |   6663 |  15 |  719.5 |
          Lair |   5385 |   5073 |    312 |    393 |   3437 |   5 | 1077.0 |
  Orcish Mines |   2095 |   1917 |    178 |    356 |   1000 |   2 | 1047.5 |
        Bailey |    357 |    357 |      0 |     40 |    146 |   1 |  357.0 |
      Ice Cave |    832 |    832 |      0 |    301 |    108 |   1 |  832.0 |
               +--------+--------+--------+--------+--------+-----+--------+

Top non-repeatable levels by time:
  Lair:5: 1753 daAuts
   Orc:2: 1660 daAuts
  Lair:2: 1081 daAuts
    D:10: 1068 daAuts
  Lair:4: 1054 daAuts
     D:6: 1054 daAuts
    D:14: 1043 daAuts
    D:12: 933 daAuts
     D:3: 853 daAuts
  Lair:3: 848 daAuts
   IceCv: 832 daAuts
     D:9: 830 daAuts
     D:7: 771 daAuts
    D:11: 736 daAuts
    D:13: 689 daAuts
